 Dungeon Crawl Stone Soup version 0.25.0-65-g31bcc41 (webtiles) character file.

5166 Dorkslayer the Knight (level 10, -4/77 HPs)
             Began as a Demonspawn Fighter on Nov 1, 2020.
             Was a Priest of Okawaru.
             Slain by a rakshasa (illusionary)
             ... wielding a +1 long sword of protection
              (13 damage)
             ... on level 3 of the Dungeon.
             The game lasted 00:08:19 (1746 turns).

Dorkslayer the Knight (Demonspawn Fighter)          Turns: 1746, Time: 00:08:20

Health: -4/77      AC: 18    Str: 19    XL:     10   Next: 34%
Magic:  16/16      EV: 15    Int: 10    God:    Okawaru [***...]
Gold:   204        SH: 13    Dex: 18    Spells: 9/9 levels left

rFire    + . .     SeeInvis .   a - +0 long sword
rCold    + . .     Gourm    .   c - +0 shield
rNeg     . . .     Faith    .   q - +0 plate armour
rPois    +         Spirit   .   (no helmet)
rElec    +         Reflect  .   (no cloak)
rCorr    +         Harm     .   (no gloves)
MR       .....                  (no boots)
Stlth    +.........             (no amulet)
HPRegen  0.22/turn              s - ring of stealth
MPRegen  0.15/turn              (no ring)

@: agile, resistant, heroism, berserk cooldown, very slightly contaminated,
slowed, very slow
A: claws 1, thin metallic scales 2, spiny 2, rot immunity
a: Heroism, Renounce Religion


You were on level 3 of the Dungeon.
You worshipped Okawaru.
Okawaru was most pleased with you.
You were not hungry.

You visited 2 branches of the dungeon, and saw 4 of its levels.

You collected 204 gold pieces.

Inventory:

Hand Weapons
 a - a +0 long sword (weapon)
Armour
 c - a +0 shield (worn)
 q - a +0 plate armour (worn)
Jewellery
 s - a ring of stealth (left claw)
Scrolls
 b - a scroll of magic mapping {unknown}
 d - a scroll of teleportation
 e - a scroll of acquirement {unknown}
 j - 5 scrolls of remove curse
 m - 2 scrolls of immolation
 n - a scroll of amnesia {unknown}
Potions
 k - a potion of agility
Comestibles
 f - 9 rations


   Skills:
 + Level 6.9(11.9) Fighting
 + Level 7.1(12.1) Long Blades
 + Level 7.1(12.1) Armour
 + Level 2.7(7.7) Dodging
 + Level 1.0(6.0) Stealth
 + Level 6.0(11.0) Shields
 * Level 8.4 Invocations


You had 9 spell levels left.
You didn't know any spells.
Your spell library was empty.

Dungeon Overview and Level Annotations

Branches:
Dungeon (3/3)              Temple (1/1) D:1
  Swamp: D:2-3       Shoals: D:2-3        Snake: D:2-3       Spider: D:2-3
  Slime: D:2-3          Orc: D:2         Vaults: D:2-3       Depths: D:3

Altars:
Ashenzari
Cheibriados
Dithmenos
Elyvilon
Fedhas
Gozag
Hepliaklqana
Kikubaaqudgha
Makhleb
Nemelex Xobeh
Okawaru
Qazlal
Ru
Sif Muna
Trog
Uskayaw
Vehumet
Wu Jian
Xom
Yredelemnul
Zin
The Shining One


Innate Abilities, Weirdness & Mutations

You have sharp fingernails.
You are mostly covered in thin metallic scales. (AC +3)
You are mostly covered in sharp spines.
You are immune to rotting.


Message History

The rakshasa is heavily wounded.
The rakshasa blinks!
The rakshasa gestures at you. You block the orb of energy.
Your plate armour prevents you from hitting the rakshasa.
The rakshasa is heavily wounded.
The rakshasa closely misses you.
You hit the rakshasa but do no damage.
The rakshasa is heavily wounded.
The rakshasa hits you but does no damage.
The rakshasa is struck by your spines. The rakshasa misses you.
You closely miss the rakshasa.
The rakshasa is severely wounded.
You block the rakshasa's attack. The rakshasa is struck by your spines.
The rakshasa hits you but does no damage.
You hit the rakshasa but do no damage.
The rakshasa is severely wounded.
The rakshasa is struck by your spines.
The rakshasa hits you with a +1 long sword of protection!
You die...

#.$.##.##
........
#.....##
#......
#.#...##
#).....##
#....R..#
#....R@.#
#....R..#
#.......#
#<#...#.#
#.###.#.#
#.# #....
#.#
#.###.
.). ..#
.. ###
#.# ##


You could see 3 rakshasas.

Vanquished Creatures
  A troll (D:2)
  A water moccasin (D:1)
  An orc warrior (D:1)
  An ogre (D:2)
  A phantom (D:2)
  A gnoll sergeant (D:1)
  A crimson imp (D:1)
  5 jellies
  A centaur skeleton (D:1)
  3 worker ants
  An iguana (D:2)
  A hound zombie (D:1)
  A worker ant zombie (D:1)
  Robin (D:2)
  An adder (D:1)
  2 oozes (D:2)
  4 orcs
  A giant cockroach (D:1)
  10 goblins
  A hobgoblin (D:2)
  A jackal (D:1)
  A quokka (D:1)
  A jackal skeleton (D:1)
42 creatures vanquished.

Vanquished Creatures (others)
  A goblin (D:2)
1 creature vanquished.

Grand Total: 43 creatures vanquished

Notes
Turn   | Place    | Note
-------+----------+-------------------------------------------
     0 | D:1      | Dorkslayer the Demonspawn Fighter began the quest for the
                  | Orb.
     0 | D:1      | Reached XP level 1. HP: 18/18 MP: 1/1
    10 | D:1      | Found a hide-covered altar of Uskayaw.
    66 | D:1      | Found a sacrificial altar of Ru.
    92 | D:1      | Found an iron altar of Okawaru.
    92 | D:1      | Noticed a crimson imp
    97 | D:1      | Gained mutation: You are partially covered in sharp spines.
                  | [demonic ancestry]
    97 | D:1      | Reached XP level 2. HP: 24/24 MP: 2/2
   121 | D:1      | Killed a crimson imp
   121 | D:1      | Gained mutation: You are partially covered in thin metallic
                  | scales. (AC +2) [demonic ancestry]
   121 | D:1      | Reached XP level 3. HP: 22/30 MP: 3/3
   121 | D:1      | Gained mutation: You are mostly covered in sharp spines.
                  | [demonic ancestry]
   121 | D:1      | Reached XP level 4. HP: 27/37 MP: 4/4
   121 | D:1      | Gained mutation: You are immune to rotting. [demonic
                  | ancestry]
   121 | D:1      | Reached XP level 5. HP: 30/42 MP: 5/5
   139 | D:1      | Became a worshipper of Warmaster Okawaru
   244 | D:1      | Reached skill level 1 in Invocations
   257 | D:1      | Found a hazy altar of Hepliaklqana.
   322 | D:1      | Reached skill level 2 in Invocations
   322 | D:1      | Reached XP level 6. HP: 22/49 MP: 6/8
   322 | D:1      | Reached XP level 7. HP: 24/55 MP: 6/9
   555 | D:1      | Reached skill level 3 in Invocations
   577 | D:1      | Reached * piety under Okawaru
   577 | D:1      | Reached skill level 5 in Fighting
   577 | D:1      | Reached skill level 5 in Armour
   577 | D:1      | Reached skill level 1 in Dodging
   577 | D:1      | Reached skill level 4 in Invocations
   577 | D:1      | Gained mutation: You are mostly covered in thin metallic
                  | scales. (AC +3) [demonic ancestry]
   577 | D:1      | Reached XP level 8. HP: 48/63 MP: 9/11
   692 | D:1      | Found an opulent altar of Gozag.
   697 | D:1      | Found a staircase to the Ecumenical Temple.
   714 | Temple   | Entered the Ecumenical Temple
   893 | D:1      | Reached ** piety under Okawaru
   893 | D:1      | Reached skill level 5 in Invocations
  1160 | D:1      | Reached skill level 5 in Long Blades
  1265 | D:2      | Noticed Robin
  1279 | D:1      | Reached skill level 1 in Stealth
  1279 | D:1      | Reached skill level 6 in Invocations
  1279 | D:1      | Gained mutation: You have sharp fingernails. [demonic
                  | ancestry]
  1279 | D:1      | Reached XP level 9. HP: 37/69 MP: 13/13
  1461 | D:1      | Found a shimmering altar of Xom.
  1523 | D:2      | Noticed a troll
  1615 | D:2      | Killed a troll
  1615 | D:2      | Reached skill level 5 in Shields
  1615 | D:2      | Reached skill level 7 in Invocations
  1615 | D:2      | Killed Robin
  1615 | D:2      | Reached *** piety under Okawaru
  1615 | D:2      | Reached XP level 10. HP: 25/77 MP: 13/15
  1615 | D:2      | Reached skill level 8 in Invocations
  1659 | D:3      | Entered Level 3 of the Dungeon
  1701 | D:3      | Noticed a rakshasa
  1746 | D:3      | Slain by a rakshasa (illusionary)

Skill      XL: |  1  2  3  4  5  6  7  8  9 10 |
---------------+-------------------------------+-----
Fighting       | 4 5 6 |  6.9
Long Blades    | 2 3 4 5 6 7 |  7.1
Armour         | 3 4 5 6 7 |  7.1
Shields        | 3 4 5 6 |  6.0
Invocations    | 2 4 6 7 8 |  8.4
Dodging        | 1 2 |  2.7
Stealth        | 1 |  1.0

Action                   |  1- 3 |  4- 6 |  7- 9 | 10-12 || total
-------------------------+-------+-------+-------+-------++-------
Melee: Long sword        |    22 |    24 |    53 |    45 ||   144
Invok: Heroism           |       |       |       |     1 ||     1
  Use: Scroll            |       |       |    12 |       ||    12
       Potion            |       |       |     2 |    10 ||    12
  Eat: Chunk             |       |       |     2 |       ||     2
       Ration            |       |       |       |     1 ||     1
Armor: Scale mail        |     9 |     9 |    19 |       ||    37
       Plate armour      |       |       |    23 |    12 ||    35
Dodge: Dodged            |     7 |     3 |    14 |    12 ||    36
Block: Shield            |     4 |    11 |    32 |    25 ||    72
       Rpst.: Long sword |     4 |     1 |     2 |     3 ||    10
